Map: Darkness Sanctuary LE

Players

vTriple

  • Race: Terran Terran
  • League: Diamond
  • Spawn Location: 1:00

Dauntless - Winner!

  • Race: Zerg Zerg
  • League: Diamond
  • Spawn Location: 7:00

VOD

Have the link to the VOD?

Description

Time

  • Played on: June 29, 2018, 8:12 p.m.
  • Length: 13:54
Show
View Real Time Build Order
Export as new Build Order

vTriple Terran 

Build Orders: Reaper Expand, Bio Tank, Hellion Banshee 

Get SALT Encoding   

  12  0:00  SCV  
  13  0:13  SCV  
  14  0:17  Supply Depot  
  14  0:25  SCV  
  14  0:28  Refinery  
  15  0:39  SCV  
  16  0:45  Barracks  
  16  0:52  SCV  
  17  1:04  SCV  
  18  1:16  SCV  
  19  1:32  Orbital Command, Reaper  
  20  1:45  Command Center  
  20  1:59  SCV  
  21  2:07  Factory  
  21  2:09  Barracks Reactor  
  21  2:13  SCV  
  22  2:16  Supply Depot  
  22  2:20  Refinery  
  22  2:25  SCV  
  23  2:38  SCV  
  24  2:50  SCV  
  25  2:57  Orbital Command  
  25  2:58  Starport  
  25  2:59  Hellion  
  25  3:01  Hellion  
  25  3:02  SCV  
  25  3:05  Barracks Tech Lab  
  30  3:14  SCV  
  31  3:23  SCV  
  31  3:26  Hellion x2  
  35  3:40  SCV x2  
  36  3:48  Banshee, Cloaking Field  
  36  3:50  Barracks Tech Lab  
  36  3:52  SCV, Hellion x2  
  44  3:57  SCV  
  44  3:58  Supply Depot  
  45  4:05  SCV  
  46  4:11  Stimpack  
  46  4:20  SCV x2, Marine  
  46  4:21  Supply Depot, Barracks  
  49  4:28  Barracks  
  49  4:30  Factory Tech Lab  
  49  4:31  Banshee  
  49  4:32  SCV  
  49  4:33  Factory Reactor  
  49  4:36  SCV  
  54  4:42  Marine  
  55  4:47  SCV, Command Center  
  55  4:52  SCV  
  57  4:53  Supply Depot  
  57  5:00  Engineering Bay  
  57  5:01  SCV  
  57  5:04  Engineering Bay  
  57  5:05  SCV  
  59  5:07  Marine  
  59  5:10  Refinery x2  
  60  5:14  SCV  
  60  5:17  Marine x2  
  63  5:22  SCV  
  64  5:28  SCV  
  64  5:29  Terran Infantry Weapons Level 1  
  64  5:30  Terran Infantry Armor Level 1  
  65  5:41  SCV  
  65  5:42  SCV  
  65  5:48  Factory Tech Lab  
  62  5:51  Marauder, Supply Depot  
  62  5:52  Marauder, Marine x2  
  62  5:54  Starport Reactor  
  68  5:57  SCV  
  68  5:58  SCV, Barracks  
  68  6:01  Barracks  
  70  6:04  Supply Depot  
  70  6:08  Siege Tank, Supply Depot  
  70  6:10  SCV x2  
  75  6:11  Marine  
  75  6:12  Marine  
  75  6:14  Combat Shield  
  75  6:16  Concussive Shells  
  77  6:22  SCV  
  77  6:24  SCV  
  79  6:25  Armory  
  79  6:28  Supply Depot  
  79  6:33  Marauder x2  
  79  6:34  Marine  
  79  6:35  Marine  
  85  6:41  SCV  
  85  6:42  Orbital Command, SCV  
  87  6:53  SCV, Marine  
  89  6:56  Barracks Reactor  
  89  6:59  Supply Depot  
  89  7:00  SCV  
  90  7:02  Marauder, Supply Depot  
  90  7:03  Marauder, Marine  
  90  7:05  SCV  
  90  7:06  Supply Depot  
  96  7:10  SCV  
  96  7:12  Siege Tank, SCV  
  96  7:13  Medivac  
  103  7:15  Medivac  
  103  7:16  Marine  
  103  7:21  SCV  
  103  7:22  Marine x2  
  107  7:25  Supply Depot  
  107  7:27  Supply Depot, SCV  
  107  7:28  SCV  
  111  7:30  Terran Infantry Weapons Level 2  
  111  7:36  Terran Infantry Armor Level 2  
  111  7:37  SCV  
  111  7:38  Marine x2  
  111  7:39  Marauder  
  111  7:41  Marauder  
  111  7:42  Marine  
  111  7:43  Marine x2  
  121  7:44  Marine  
  121  7:49  Siege Tank  
  125  7:53  Medivac  
  125  7:55  SCV  
  125  7:56  Supply Depot, SCV  
  125  7:57  Supply Depot  
  129  7:59  Refinery  
  129  8:01  Refinery  
  129  8:02  Medivac  
  129  8:05  Marauder  
  133  8:07  Marauder, Marine x5  
  133  8:08  Marine  
  133  8:10  SCV x2  
  133  8:11  SCV  
  144  8:19  Supply Depot  
  144  8:20  Supply Depot  
  144  8:26  Factory  
  144  8:27  Marine x3  
  144  8:28  Marauder x2, Marine x3  
  144  8:32  Siege Tank  
  157  8:37  Medivac  
  159  8:43  Supply Depot  
  159  8:44  Marine  
  159  8:47  Supply Depot, Marine x3  
  159  8:48  Marine x2  
  164  8:52  Marauder  
  164  8:53  Marauder, Medivac  
  171  9:00  Barracks  
  171  9:02  Barracks, Marine  
  171  9:05  Marine  
  153  9:13  Marine x4  
  153  9:14  Marauder, Siege Tank, Marine  
  140  9:20  Marine  
  140  9:23  Marine  
  138  9:24  Factory Tech Lab  
  138  9:31  Supply Depot x2, Marine x3  
  139  9:32  Medivac x2  
  139  9:37  Marauder x2  
  149  9:39  Marine  
  149  9:40  Marine  
  151  9:46  Siege Tank  
  151  9:49  Barracks Tech Lab x2  
  154  9:52  Terran Infantry Weapons Level 3  
  154  9:55  Marine x4  
  154  9:57  Marine x2  
  154  9:58  Marauder  
  154  9:59  Marauder  
  164  10:02  Medivac x2  
  168  10:13  Marine x2  
  168  10:16  Terran Infantry Armor Level 3  
  168  10:18  Siege Tank  
  171  10:26  Marauder x4, Marine x3  
  182  10:30  Unknown  
  181  10:48  Marauder, Marine x3  
  160  10:52  Marine x3  
  160  10:53  Marauder x3, Siege Tank x2  
  131  11:05  Marine  
  131  11:07  Marine x2  
  131  11:08  Medivac x2  
  131  11:09  Marauder, Marine x2  
  131  11:10  Marine  
  124  11:14  Marauder, Marine x2  
  125  11:23  Marine  
  125  11:25  Siege Tank, Marine x2  
  131  11:27  Marine x3  
  131  11:31  Marauder  
  131  11:32  Marauder, Marine  
  139  11:34  Command Center  
  139  11:36  Marauder  
  139  11:38  Unknown  
  141  11:41  Marine  
  141  11:42  Marine  
  141  11:43  Marine  
  141  11:45  Marine  
  145  11:47  Marine  
  145  11:48  Marine  
  145  11:50  Marine  
  145  11:52  Marine  
  145  11:53  Marine  
  135  12:03  Marauder, Marine x2  
  135  12:04  Siege Tank x2  
  135  12:08  Marauder, Marine x3  
  134  12:09  Marine  
  136  12:18  Marine x2  
  130  12:24  Marine  
  130  12:26  Marine x2  
  130  12:29  Marine x4  
  115  12:35  Marine  
  115  12:36  Siege Tank, Marine  
  108  12:42  Medivac x2  
  107  12:44  Siege Tank  
  107  12:45  Marine x3  
  107  12:46  Marauder  
  107  12:47  Marine  
  107  12:48  Marauder  
  118  12:54  Marine  
  104  13:02  Marine x2  
  104  13:05  Marine x2  
  87  13:06  Marauder, Marine x2  
  87  13:07  Marauder  
  87  13:08  Marine  
  88  13:15  Marine  
  76  13:20  Marine x2  
  76  13:23  Marine x2  
  76  13:24  Marine  
  78  13:29  Marine x3  
  78  13:31  Marine  
Show
View Real Time Build Order
Export as new Build Order

Dauntless Zerg - Winner!

Build Orders: Hatch First 

Get SALT Encoding   

  12  0:01  Drone  
  13  0:13  Overlord  
  13  0:17  Drone  
  14  0:31  Drone x2  
  16  0:36  Drone  
  17  0:46  Drone  
  18  0:57  Hatchery  
  18  1:00  Drone  
  18  1:01  Extractor  
  17  1:08  Drone  
  18  1:18  Drone  
  19  1:23  Spawning Pool  
  18  1:28  Drone  
  19  1:39  Drone  
  20  1:49  Overlord  
  20  2:05  Drone  
  21  2:09  Metabolic Boost  
  21  2:10  Queen x2  
  21  2:11  Zergling x2  
  21  2:13  Zergling x2  
  27  2:20  Drone  
  27  2:22  Drone  
  29  2:31  Drone  
  29  2:33  Drone  
  31  2:41  Overlord  
  31  2:44  Drone  
  32  2:45  Queen  
  34  2:52  Drone  
  34  2:55  Drone  
  36  3:03  Overlord  
  36  3:05  Drone  
  37  3:16  Drone x2, Roach Warren  
  38  3:25  Drone x2  
  38  3:26  Drone x4  
  44  3:37  Hatchery  
  43  3:42  Overlord  
  43  3:49  Overlord  
  43  3:56  Roach x4  
  43  3:59  Overlord  
  43  4:01  Roach  
  53  4:05  Roach  
  53  4:06  Roach  
  57  4:11  Spore Crawler  
  57  4:14  Spore Crawler  
  57  4:16  Drone  
  56  4:17  Drone  
  56  4:21  Spore Crawler  
  56  4:23  Drone x2  
  58  4:27  Drone  
  58  4:28  Overlord  
  58  4:29  Roach  
  61  4:34  Roach  
  61  4:38  Overlord  
  63  4:40  Extractor  
  63  4:41  Extractor  
  63  4:42  Lair  
  63  4:45  Roach  
  63  4:51  Zergling x2  
  63  4:52  Zergling x6  
  67  4:56  Zergling x2  
  67  4:59  Queen  
  70  5:11  Drone x4  
  70  5:12  Drone x4  
  70  5:13  Drone  
  79  5:15  Drone  
  79  5:51  Drone  
  79  5:52  Hydralisk Den, Extractor, Drone x10  
  88  6:00  Evolution Chamber  
  88  6:01  Evolution Chamber  
  88  6:02  Extractor  
  85  6:04  Extractor  
  85  6:07  Burrow  
  84  6:17  Drone x6  
  90  6:20  Drone x3  
  93  6:33  Evolution Chamber  
  93  6:34  Zerg Missile Weapons Level 1, Spine Crawler, Zerg Ground Armor Level 1  
  93  6:36  Overlord, Grooved Spines  
  93  6:37  Drone  
  93  6:38  Drone x5  
  96  6:45  Overlord  
  96  6:46  Overlord  
  96  6:52  Overlord  
  96  6:57  Hydralisk x2  
  96  6:58  Extractor, Hydralisk  
  96  6:59  Hatchery, Hydralisk  
  102  7:02  Hydralisk  
  102  7:04  Extractor  
  102  7:06  Hydralisk  
  102  7:07  Hydralisk  
  107  7:10  Hydralisk  
  107  7:11  Hydralisk  
  107  7:14  Hydralisk  
  113  7:16  Overlord  
  113  7:25  Hydralisk x3  
  113  7:27  Overlord  
  119  7:30  Hydralisk  
  121  7:40  Hydralisk x3  
  121  7:43  Overlord x2  
  121  7:44  Overlord  
  127  7:47  Muscular Augments  
  127  7:52  Hydralisk  
  127  7:53  Zerg Melee Weapons Level 1  
  127  7:54  Hydralisk  
  127  7:56  Overlord x3  
  131  8:06  Drone  
  131  8:07  Drone x5  
  131  8:11  Queen  
  131  8:12  Drone x5  
  144  8:14  Overlord  
  144  8:25  Overseer  
  144  8:28  Zerg Missile Weapons Level 2  
  144  8:29  Zerg Ground Armor Level 2  
  144  8:32  Zergling x12  
  144  8:33  Zergling x2  
  152  8:41  Zergling x10  
  152  8:42  Infestation Pit, Zergling x2  
  152  8:44  Overlord  
  152  8:46  Ravager x3  
  159  8:51  Ravager  
  159  8:53  Overlord  
  159  8:54  Drone x3  
  159  8:55  Drone x3  
  166  8:57  Spine Crawler  
  166  9:02  Spore Crawler  
  147  9:10  Hydralisk x5  
  147  9:11  Hydralisk  
  120  9:20  Hydralisk x4  
  120  9:22  Hydralisk  
  111  9:25  Hydralisk  
  113  9:33  Hydralisk x2, Drone x4  
  113  9:37  Hydralisk  
  113  9:38  Hydralisk x2  
  125  9:43  Hydralisk x2  
  131  9:47  Hydralisk x2  
  135  9:54  Hive  
  135  9:55  Zergling x10  
  135  9:59  Hydralisk x2  
  144  10:08  Hydralisk x3  
  144  10:09  Zergling x10  
  155  10:15  Hydralisk x2  
  155  10:19  Hydralisk x2  
  155  10:20  Hydralisk  
  165  10:24  Hydralisk  
  165  10:25  Zergling x4  
  169  10:32  Hydralisk  
  169  10:33  Hydralisk x3  
  169  10:34  Zergling x8  
  178  10:44  Hydralisk x4  
  178  10:45  Zergling x4  
  160  10:50  Hydralisk  
  160  10:54  Hydralisk x2  
  160  10:55  Hydralisk  
  149  11:02  Hydralisk x3  
  149  11:04  Zergling x2  
  144  11:06  Hydralisk  
  144  11:07  Hydralisk  
  144  11:10  Hydralisk  
  144  11:11  Zergling x2  
  143  11:14  Hydralisk  
  144  11:24  Hydralisk x4  
  151  11:28  Zergling x2  
  151  11:30  Zergling x8  
  156  11:36  Hydralisk x4  
  156  11:37  Hydralisk  
  166  11:43  Zergling x8  
  166  11:46  Extractor, Hatchery  
  168  11:47  Extractor  
  168  11:50  Hydralisk x4  
  168  11:52  Zergling x4  
  176  12:00  Hydralisk x3  
  176  12:01  Hydralisk  
  175  12:02  Zergling x4  
  175  12:04  Hydralisk  
  181  12:14  Drone x2  
  183  12:21  Hydralisk  
  183  12:22  Hydralisk x6  
  174  12:36  Zergling x2  
  174  12:37  Zergling x14  
  180  12:47  Zergling x6  
  165  13:01  Hydralisk  
  165  13:02  Hydralisk x5  
  163  13:18  Drone, Hydralisk x7  
  169  13:29  Hydralisk x5  
Tags
 
Add a new tag
Caveats
  • Supply blocks, unpowered buildings, or Contaminate may cause inaccurate times.
  • Supply counts are checked every 10 seconds.